 Dungeon Crawl Stone Soup version 0.30-a0-721-ga6a225cb13 (webtiles) character file.

Game seed: 5750499255705638984

53 Saiko the Grave Robber (level 3, 0/24 HPs)
             Began as a Vampire Necromancer on Jan 27, 2023.
             Succumbed to an adder's poison
             ... on level 2 of the Dungeon.
             The game lasted 00:06:37 (729 turns).

Saiko the Grave Robber (Vampire Necromancer)         Turns: 729, Time: 00:06:37

Health: 0/24       AC:  7    Str:  7    XL:     3   Next: 62%
Magic:  6/6        EV:  8    Int: 19    God:
Gold:   79         SH:  0    Dex: 14    Spells: 3/7 levels left

rFire   . . .      SeeInvis +    a - +2 short sword
rCold   . . .      Faith    .    (no shield)
rNeg    . . .      Spirit   .    d - +1 scale mail
rPois   .          Reflect  .    (no helmet)
rElec   .          Harm     .    (no cloak)
rCorr   .          Rampage  .    (no gloves)
Will    .....                    (no boots)
Stlth   +                        (no amulet)
HPRegen 0.44/turn                (no ring)
MPRegen 0.10/turn                (no ring)

@: lethally poisoned (0 -> -2), healing quickly
A: alive, fangs 3, see invisible, vampiric 2
a: Exsanguinate


You were on level 2 of the Dungeon.
You visited 1 branch of the dungeon, and saw 2 of its levels.

You collected 79 gold pieces.

Inventory:

Hand Weapons
 a - a +2 short sword (weapon)
Armour
 d - a +1 scale mail (worn)
Potions
 b - a potion of magic
 c - a potion of ambrosia
 h - a potion of flight


   Skills:
 + Level 2.9 Dodging
 + Level 4.0 Stealth
 + Level 2.5 Spellcasting
 + Level 4.8 Necromancy


You had 3 spell levels left.
You knew the following spells:

 Your Spells              Type           Power      Damage    Failure   Level
a - Necrotise             Necr           80%        1d8       30%         1
b - Vampiric Draining     Necr           20%        2d7       65%         3

Your spell library contained the following spells:

 Spells                   Type           Power      Damage    Failure   Level
 Animate Dead             Necr           20%        N/A       96%         4
 Agony                    Necr           20%        N/A       100%        5


Dungeon Overview and Level Annotations

Branches:
Dungeon (2/15)

Altars:


Innate Abilities, Weirdness & Mutations

Your natural rate of healing is accelerated.
You have razor-sharp teeth.
You have supernaturally acute eyesight. (SInv)
You are afflicted with vampirism and can become a bat while bloodless.


Message History

You are frozen.
The kobold hits you but does no damage.
You hit the endoplasm.
You kill the endoplasm!
A frilled lizard comes into view.
The kobold hits you but does no damage.
You hit the kobold.
You kill the kobold!
The adder bites you.
You are poisoned.
The adder poisons you!
You barely miss the ball python.
You feel sick. The ball python barely misses you. The ball python grabs you.
The ball python constricts you. The adder bites you but does no damage.
The ball python barely misses you. x2; The ball python constricts you.
The adder bites you.
You are more poisoned.
The adder poisons you!
You hit the ball python.
The ball python is severely wounded.
You feel very sick.
The ball python bites you but does no damage.
The adder bites you but does no damage. The ball python bites you.
* * * LOW HITPOINT WARNING * * *
The ball python constricts you.
* * * LOW HITPOINT WARNING * * *
As you read the scroll of fear, it crumbles to dust.
You assume a fearsome visage.
The ball python looks frightened!
The giant cockroach looks frightened!
The frilled lizard looks frightened!
The adder looks frightened!
The ball python looks frightened!
* * * LOW HITPOINT WARNING * * *
You feel sick. The ball python loses its grip on you.
* * * LOW HITPOINT WARNING * * *
You feel sick.
Things that are here:
a +0 dagger; a kobold corpse
* * * LOW HITPOINT WARNING * * *
You feel sick.
* * * LOW HITPOINT WARNING * * *
You feel sick.
You die...

..........#
..........
.......l..
........B
.......S.
........######.#
.###...........#
.S......@.....#
..........#.....
.##..<.)########
....#....).....
... ##...######
.. #.#..# .
#.##.## #. #..#
#S ##.##


You could see an adder (fleeing), a ball python (fleeing) and a frilled lizard
(fleeing).

Vanquished Creatures
  2 adders (D:2)
  A dart slug (D:1)
  4 endoplasms
  3 goblins (D:1)
  3 hobgoblins (D:1)
  2 jackals (D:1)
  5 kobolds
  2 quokkas (D:1)
  3 ball pythons
  4 bats (D:1)
  2 frilled lizards (D:1)
31 creatures vanquished.

Notes
Turn   | Place    | Note
-------+----------+-------------------------------------------
     0 | D:1      | Saiko the Vampire Necromancer began the quest for the Orb.
     0 | D:1      | Reached XP level 1. HP: 13/13 MP: 3/3
   190 | D:1      | Reached XP level 2. HP: 18/19 MP: 5/5
   533 | D:1      | Gained mutation: You are afflicted with vampirism and can
                  | become a bat while bloodless. [Vampire growth]
   533 | D:1      | Reached XP level 3. HP: 24/24 MP: 6/6
   558 | D:1      | Learned a level 3 spell: Vampiric Draining
   727 | D:2      | HP: 1/24 [poisoned by an adder]
   729 | D:2      | Succumbed to an adder's poison

Illustrated notes

Levels and vault maps discovered:
D:1:      matt_arrival_refuge, layout_rooms
D:2:      layout_rooms, palyth_stone_intersect, minmay_cut_off, uniq_natasha

Skill      XL: |  1  2  3 |
---------------+----------+-----
Stealth        | 4 |  4.0
Dodging        | |  2.9
Spellcasting   | |  2.5
Necromancy     | |  4.8

Action                     || total
---------------------------++-------
  Melee: Short sword       ||   112
         Unarmed           ||    11
         Bite              ||     7
    Use: Scroll            ||     8
   Stab: Sleeping          ||     1
 Armour: Scale mail        ||    84
         Leather armour    ||     3
  Dodge: Dodged            ||    53

Table legend: (Time is in decaauts)
 A = Elapsed time spent in this place.
 B = Non-inter-level travel time spent in this place.
 C = Inter-level travel time spent in this place.
 D = Time resting spent in this place.
 E = Time spent auto-exploring this place.
 F = Levels seen in this place.
 G = Mean time per level.
                   A        B        C        D        E       F      G
               +--------+--------+--------+--------+--------+-----+--------+
         Total |    728 |    255 |    473 |      0 |      0 |   2 |  364.0 |
       Dungeon |    728 |    255 |    473 |      0 |      0 |   2 |  364.0 |
               +--------+--------+--------+--------+--------+-----+--------+

Top non-repeatable levels by time:
     D:1: 616 daAuts
     D:2: 111 daAuts
